 Dungeon Crawl Stone Soup version 0.28.0-45-g0d030f2227 (webtiles) character file.

Game seed: 14192302939734669312

80651 crimpus the Tortoise (level 15, -16/226 HPs)
             Began as a Minotaur Fighter on Apr 17, 2022.
             Was a High Priest of Okawaru.
             Demolished by a pharaoh ant (23 damage)
             ... on level 2 of the Spider Nest on Apr 18, 2022.
             The game lasted 00:51:50 (29316 turns).

crimpus the Tortoise (Minotaur Fighter)            Turns: 29316, Time: 00:51:50

Health: -16/226    AC: 49    Str: 27    XL:     15   Next: 24%
Magic:  17/20      EV:  9    Int:  5    God:    Okawaru [*****.]
Gold:   3018       SH:  0    Dex: 15    Spells: 14/14 levels left

rFire   + . .      SeeInvis +   t - +10 lajatang "Juxtach" {protect, Dex+4 SInv}
rCold   . . .      Faith    .   (shield currently unavailable)
rNeg    . . .      Spirit   .   j - +7 gold dragon scales
rPois   +          Reflect  .   s - +1 hat
rElec   .          Harm     .   n - +1 cloak
rCorr   +          Rampage  +   Z - +2 pair of gloves "Uluexty" {Drain +Inv rC- rCorr}
Will    ++...      Clarity  +   E - +1 pair of boots {rampage}
Stlth   ..........              (no amulet)
HPRegen 0.47/turn               H - ring of see invisible
MPRegen 0.17/turn               P - ring of willpower

@: mighty, berserking (expiring), under a protective aura, hasted, very quick
A: horns 2, retaliatory headbutt, iridescent scales 1, clarity, wild magic 1
a: Renounce Religion, Evoke Invisibility, Heroism, Finesse, Duel


You were on level 2 of the Spider Nest.
You worshipped Okawaru.
Okawaru was extremely pleased with you.
You visited 5 branches of the dungeon, and saw 23 of its levels.
You also visited: Sewer and Gauntlet.

You collected 3756 gold pieces.
You spent 738 gold pieces at shops.

Inventory:

Hand Weapons
 p - a +2 rapier of venom
 q - a +3 long sword of holy wrath
 t - the +10 lajatang "Juxtach" (weapon) {protect, Dex+4 SInv}
   (Okawaru gifted it to you on level 12 of the Dungeon)

   It grants its wielder temporary protection when it strikes (+7 to AC).
   Dex:       It affects your dexterity (+4).
   SInv:      It lets you see invisible.
Missiles
 m - 4 silver javelins
 G - 17 poisoned darts
 J - 2 throwing nets
 N - 10 javelins (quivered)
 Q - 6 boomerangs of dispersal
 X - 3 datura-tipped darts
Armour
 c - a +0 buckler
 j - +7 gold dragon scales (worn)
 l - a scarf of shadows
 n - a +1 cloak (worn)
 s - a +1 hat (worn)
 E - a +1 pair of boots of rampaging (worn)
 Z - the +2 pair of gloves "Uluexty" (worn) {Drain +Inv rC- rCorr}
   (Okawaru gifted it to you on level 6 of the Lair of Beasts)

   rC:        It makes you vulnerable to cold.
   +Inv:      It lets you turn invisible.
   rCorr:     It protects you from acid and corrosion.
   Drain:     It drains your maximum health when unequipped.
Jewellery
 b - a +6 ring of strength
 u - a ring of flight
 H - a ring of see invisible (left hand)
 K - a ring of resist corrosion
 P - a ring of willpower (right hand)
 S - a ring of protection from cold
 T - a +6 ring of strength
 V - a +4 ring of evasion
 W - a ring of protection from fire
 Y - a +6 ring of dexterity
Wands
 x - a wand of polymorph (5)
 z - a wand of flame (18)
 A - a wand of digging (5)
 F - a wand of iceblast (1)
Scrolls
 f - 4 scrolls of amnesia
 g - 2 scrolls of fog
 h - a scroll of enchant armour
 r - 5 scrolls of magic mapping
 y - 2 scrolls of summoning
 B - 6 scrolls of teleportation
 C - 4 scrolls of enchant weapon
 I - 3 scrolls of blinking
 L - 6 scrolls of identify
 U - a scroll of holy word {unknown}
Potions
 a - a potion of mutation
 d - 2 potions of brilliance
 e - a potion of haste
 i - 6 potions of flight
 k - 6 potions of resistance
 v - 4 potions of lignification
 w - 4 potions of curing
 D - 8 potions of might
 M - 2 potions of ambrosia
 O - a potion of invisibility


   Skills:
 * Level 18.9 Fighting
 - Level 4.0 Long Blades
 - Level 8.2 Staves
 - Level 4.7 Throwing
 * Level 19.5 Armour
 + Level 6.2 Dodging
 - Level 10.1 Shields
 * Level 8.7 Invocations


You had 14 spell levels left.
You didn't know any spells.
Your spell library contained the following spells:

 Spells                   Type           Power      Damage    Failure   Level
 Foxfire                  Conj/Fire      0%         2x1d4     100%        1
 Freeze                   Ice            0%         1d3       100%        1
 Magic Dart               Conj           0%         1d3       100%        1
 Searing Ray              Conj           0%         2d4       100%        2
 Static Discharge         Conj/Air       0%         N/A       100%        2
 Sublimation of Blood     Necr           0%         N/A       100%        2
 Conjure Flame            Conj/Fire      0%         6-21      100%        3
 Frozen Ramparts          Ice            0%         1d2       100%        3
 Inner Flame              Hex/Fire       0%         N/A       100%        3
 Portal Projectile        Hex/Tloc       0%         N/A       100%        3
 Dispel Undead            Necr           0%         3d6       100%        4
 Flame Wave               Conj/Fire      0%         2d4       100%        4
 Fulminant Prism          Conj/Hex       0%         3d6       100%        4
 Hailstorm                Conj/Ice       0%         3d3       100%        4
 Petrify                  Tmut/Erth      0%         N/A       100%        4
 Sticky Flame             Conj/Fire      0%         2d3       100%        4
 Blade Hands              Tmut           0%         N/A       100%        5
 Excruciating Wounds      Necr           0%         N/A       100%        5
 Irradiate                Conj/Tmut      0%         3d13      100%        5


Dungeon Overview and Level Annotations

Branches:
Dungeon (12/15)            Temple (1/1) D:6            Lair (6/6) D:11
 Shoals (0/4) Lair:2       Spider (1/4) Lair:2          Orc (2/2) D:12
    Elf (0/3) Orc:2         Sewer (visited)         Gauntlet (visited)
  Slime: Lair:5-6

Altars:
Ashenzari
Dithmenos
Elyvilon
Fedhas
Gozag
Kikubaaqudgha
Makhleb
Okawaru
Ru
Sif Muna
Trog
Uskayaw
Vehumet
Wu Jian
Xom
Zin
The Shining One
Beogh
Jiyva

Shops:
D:2 *   D:6 *   D:7 [   Orc:2 !*::[

Annotations:
D:3 3 runed translucent doors, RascalDebosk's ghost, weakling PaAK
Lair:3 3 runed translucent doors, Befuwnopp's ghost, journeyman TrHu
Lair:5 exclusion: 3 oklob plants


Innate Abilities, Weirdness & Mutations

You have a pair of horns on your head.
You reflexively headbutt those who attack you in melee.
You are partially covered in iridescent scales. (AC +2)
You possess an exceptional clarity of mind.
Your spells are a little harder to cast, but a little more powerful.


Message History

The jumping spider bites you but does no damage.
You cut the redback into ribbons!!!
You kill the redback!
Okawaru accepts your kill.
The wolf spider hits you but does no damage.
The wolf spider bites you but does no damage.
The jumping spider leaps!
The jumping spider closely misses you.
The jumping spider bites you but does no damage.
The jumping spider leaps!
You slice the wolf spider!!
The wolf spider is severely wounded.
The wolf spider misses you. The wolf spider bites you!
* * * LOW HITPOINT WARNING * * *
The jumping spider leaps! x3
Unknown command.
You slice the wolf spider!! Your headbutt misses the wolf spider.
The wolf spider is almost dead.
The wolf spider completely misses you. The wolf spider closely misses you.
The jumping spider leaps!
The tarantella touches you but does no damage.
Unknown command.
You slash the wolf spider!
You kill the wolf spider!
Okawaru accepts your kill.
The jumping spider leaps!
The pharaoh ant misses you.
You slash the pharaoh ant!
The pharaoh ant is heavily damaged.
The jumping spider leaps!
The tarantella touches you but does no damage.
The pharaoh ant bites you!
* * * LOW HITPOINT WARNING * * *
You slash the pharaoh ant! You headbutt the pharaoh ant!
The pharaoh ant is almost destroyed.
You rip and tear the barbed spikes from your body.
The wolf spider closely misses you. You furiously retaliate!
You headbutt the wolf spider!
The wolf spider bites you but does no damage.
The tarantella barely misses you. You furiously retaliate!
You headbutt the tarantella. The pharaoh ant bites you!!
You die...

## .^. .$.÷
÷^...##
.[.)..s####
.[..°.ss@.#
#)^[...Bs^#
##.^).s÷..#
#.)....)^#
#.).s○÷[.^#
.^[.^.).^.#
).∩°.^..###
.[.^..###


You could see a wolf spider, a pharaoh ant, 4 jumping spiders and a tarantella.

Vanquished Creatures
  Gastronok (D:8)
  A broodmother (Spider:2)
  Nessos (Lair:6)
  An entropy weaver (Lair:2)
  A minotaur (Gauntlet)
  Snorg (Lair:5)
  A fire dragon (Lair:6)
  Fannar (D:12)
  Harold (D:8)
  Erica (D:8)
  A centaur warrior (D:9)
  6 hydras
  A ghost crab (Gauntlet)
  2 catoblepae (Lair:6)
  A two-headed ogre (D:11)
  A death scarab (Gauntlet)
  3 orc high priests (Orc:2)
  Urug (Orc:2)
  Sonja (D:12)
  A sun moth (Spider:1)
  2 pharaoh ants
  An orb spider (Spider:2)
  A swamp dragon (Lair:6)
  3 lindwurms (Lair:6)
  A spectral hydra (Gauntlet)
  7 orc knights
  8 wolf spiders
  5 orc sorcerers
  2 manticores (Lair:6)
  An oklob plant (Lair:1)
  A cyclops (Orc:2)
  A moth of wrath (Lair:6)
  Joseph (D:9)
  7 elephants
  13 black mambas
  23 cane toads
  A smoke demon (Gauntlet)
  An unseen horror (D:11)
  5 rime drakes
  A kobold demonologist (D:12)
  17 komodo dragons
  A polar bear (Lair:3)
  3 meliai (Spider:2)
  4 trolls
  Grinder (D:3)
  6 tarantellas
  A tyrant leech (Lair:6)
  A dream sheep (Lair:4)
  11 blink frogs
  A meliai zombie (D:11)
  5 culicivoras
  4 jumping spiders
  A shadow (D:12)
  4 wyverns
  Eustachio (D:4)
  4 basilisks
  3 steam dragons (Lair:6)
  50 yaks
  10 redbacks
  3 wargs
  2 swamp worms (Lair:6)
  3 acid dragons (Lair:6)
  21 water moccasins
  23 orc warriors
  2 sky beasts
  2 black bears
  A necrophage (D:5)
  11 wolves
  6 ogres
  3 centaurs
  2 phantoms (D:5)
  9 bullfrogs
  4 kobold brigands
  A gnoll sergeant (D:12)
  3 wights (D:9)
  5 killer bees (D:7)
  4 crimson imps (Gauntlet)
  5 centaur zombies
  A hound (D:7)
  2 quasits (Sewer)
  2 bullfrog skeletons (D:5)
  2 gnoll shamans
  17 orc priests
  A centaur skeleton (D:4)
  Terence (D:2)
  7 iguanas
  A scorpion zombie (D:3)
  Natasha (thrice) (D:4)
  32 orc wizards
  10 gnolls
  14 adders
  3 shadow imps (Sewer)
  5 ufetubi
  3 worms
  97 orcs
  16 ball pythons
  4 endoplasms
  A giant cockroach (Sewer)
  5 goblins
  10 hobgoblins
  3 quokkas
  8 bats
  3 frilled lizards
  39 kobolds
  A kobold zombie (Sewer)
  5 rats
647 creatures vanquished.

Vanquished Creatures (others)
  An orc priest (Orc:2)
  A gnoll (D:12)
  A bush (Lair:1)
  34 fungi
  66 plants
103 creatures vanquished.

Grand Total: 750 creatures vanquished

Notes
Turn   | Place    | Note
-------+----------+-------------------------------------------
     0 | D:1      | crimpus the Minotaur Fighter began the quest for the Orb.
     0 | D:1      | Reached XP level 1. HP: 19/19 MP: 0/0
   287 | D:1      | Reached XP level 2. HP: 26/27 MP: 1/1
   919 | D:2      | Found an ornate altar of the Wu Jian Council.
   971 | D:2      | Reached skill level 4 in Armour
  1074 | D:2      | Noticed Terence
  1094 | D:2      | Killed Terence
  1095 | D:2      | Reached XP level 3. HP: 24/34 MP: 2/2
  1229 | D:2      | Reached XP level 4. HP: 41/41 MP: 3/3
  1424 | D:2      | Found a faded altar of an unknown god.
  1644 | D:2      | Found Akhou's Assorted Antiques.
  1848 | D:3      | Reached skill level 5 in Armour
  2232 | D:3      | Noticed Grinder
  2486 | D:4      | Identified a scroll of acquirement
  2486 | D:4      | Acquired 569 gold pieces
  2492 | D:4      | Reached XP level 5. HP: 42/47 MP: 4/4
  2521 | D:4      | Noticed Eustachio
  2564 | D:4      | Reached skill level 5 in Fighting
  2891 | D:3      | Killed Grinder
  2892 | D:3      | Reached skill level 6 in Armour
  2892 | D:3      | Reached skill level 5 in Shields
  2892 | D:3      | Reached XP level 6. HP: 57/57 MP: 5/5
  3223 | D:3      | Found a runed translucent gate.
  3223 | D:3      | Found a runed translucent gate.
  3223 | D:3      | Found a runed translucent gate.
  3226 | D:3      | Noticed RascalDebosk's ghost (weakling PaAK)
  3229 | D:3      | Identified the +7 hand axe of Zefrach {flame, rElec Str+4}
  3341 | D:2      | Bought an embroidered scarf for 136 gold pieces
  3341 | D:2      | Bought an embroidered cloak for 127 gold pieces
  3404 | D:3      | Identified the +1 ring mail of Shadows and Fog {Dex+2}
  3452 | D:3      | Reached skill level 7 in Armour
  3708 | D:3      | Reached XP level 7. HP: 61/63 MP: 6/6
  4096 | D:4      | Noticed Natasha
  4108 | D:4      | Killed Natasha
  4113 | D:4      | Noticed Natasha
  4118 | D:4      | Killed Natasha
  4260 | D:4      | Killed Eustachio
  4261 | D:4      | Reached skill level 8 in Armour
  4359 | D:4      | Noticed Natasha
  4365 | D:4      | Killed Natasha
  4446 | D:4      | Found a hide-covered altar of Uskayaw.
  4480 | D:4      | Reached XP level 8. HP: 61/73 MP: 7/7
  4716 | D:4      | Found a burning altar of Makhleb.
  4716 | D:4      | Found a shimmering blue altar of Sif Muna.
  4833 | D:5      | Entered Level 5 of the Dungeon
  4932 | D:5      | Reached skill level 9 in Armour
  5204 | D:5      | Reached skill level 10 in Armour
  5812 | D:6      | Found Soluiq's General Store.
  5865 | D:6      | Bought 2 potions of might for 96 gold pieces
  5865 | D:6      | Bought a scroll of identify for 24 gold pieces
  5993 | D:6      | Found a glowing drain.
  6016 | Sewer    | Entered a sewer
  6165 | Sewer    | Found a burning altar of Makhleb.
  6216 | Sewer    | Reached XP level 9. HP: 82/82 MP: 8/8
  6478 | D:6      | Found a staircase to the Ecumenical Temple.
  6489 | Temple   | Entered the Ecumenical Temple
  6538 | Temple   | Became a worshipper of Warmaster Okawaru
  6724 | D:6      | Gained mutation: You possess an exceptional clarity of
                  | mind. [potion of mutation]
  6724 | D:6      | Gained mutation: Your spells are a little harder to cast,
                  | but a little more powerful. [potion of mutation]
  6724 | D:6      | Gained mutation: You are partially covered in iridescent
                  | scales. (AC +2) [potion of mutation]
  7103 | D:7      | Found Nawkel's Antique Armour Emporium.
  7152 | D:7      | Reached skill level 11 in Armour
  7199 | D:7      | Reached * piety under Okawaru
  8389 | D:8      | Noticed Gastronok
  8409 | D:8      | Killed Gastronok
  8410 | D:8      | Reached skill level 10 in Fighting
  8410 | D:8      | Reached skill level 1 in Throwing
  8410 | D:8      | Reached skill level 12 in Armour
  8410 | D:8      | Reached XP level 10. HP: 43/94 MP: 9/9
  8667 | D:7      | Reached ** piety under Okawaru
  8929 | D:8      | Noticed Erica
  8942 | D:8      | Killed Erica
  8943 | D:8      | Reached skill level 1 in Invocations
  9005 | D:8      | Noticed Harold
  9170 | D:8      | Killed Harold
  9170 | D:8      | Reached *** piety under Okawaru
  9538 | D:8      | Reached skill level 13 in Armour
 10456 | D:9      | Found a shadowy altar of Dithmenos.
 10525 | D:9      | Noticed Joseph
 10550 | D:9      | Killed Joseph
 10767 | D:9      | Reached **** piety under Okawaru
 10896 | D:9      | Noticed a centaur warrior
 10919 | D:9      | Killed a centaur warrior
 10920 | D:9      | Reached XP level 11. HP: 41/104 MP: 8/12
 11712 | D:10     | Entered Level 10 of the Dungeon
 11899 | D:10     | Reached ***** piety under Okawaru
 12098 | D:10     | Reached skill level 14 in Armour
 12595 | D:10     | Noticed a four-headed hydra
 12625 | D:10     | Killed a four-headed hydra
 12921 | D:11     | Found a staircase to the Lair.
 12990 | D:11     | Noticed a two-headed ogre
 13000 | D:11     | Killed a two-headed ogre
 13381 | D:11     | Identified the +7 chain mail "Ogesuschisu" {Rampage Str+3}
 13920 | D:12     | Reached skill level 15 in Armour
 13921 | D:12     | Noticed Fannar
 13947 | D:12     | Reached skill level 10 in Shields
 13955 | D:12     | Received a gift from Okawaru
 14404 | D:12     | Killed Fannar
 14404 | D:12     | Identified the +10 lajatang "Juxtach" {protect, Dex+4 SInv}
                  | (Okawaru gifted it to you on level 12 of the Dungeon)
 14404 | D:12     | Received a gift from Okawaru
 14716 | D:12     | Found a staircase to the Orcish Mines.
 15316 | D:12     | Noticed Sonja
 15323 | D:12     | Reached skill level 1 in Staves
 15323 | D:12     | Reached skill level 1 in Dodging
 15325 | D:12     | Killed Sonja
 15326 | D:12     | Reached XP level 12. HP: 84/115 MP: 10/14
 15548 | Orc:1    | Entered Level 1 of the Orcish Mines
 17039 | Orc:2    | Entered Level 2 of the Orcish Mines
 17039 | Orc:2    | Found a staircase to the Elven Halls.
 17114 | Orc:2    | Identified the +0 chain mail of Greed {Harm rPois Str+3}
                  | (Okawaru gifted it to you on level 2 of the Orcish Mines)
 17114 | Orc:2    | Received a gift from Okawaru
 17175 | Orc:2    | Reached skill level 5 in Staves
 17237 | Orc:2    | Found Voluni Coqing's Book Emporium.
 17340 | Orc:2    | Paralysed by an orc sorcerer for 4 turns
 17346 | Orc:2    | Reached skill level 5 in Invocations
 17722 | Orc:2    | Noticed Urug
 17782 | Orc:2    | Killed Urug
 18165 | Orc:2    | Noticed an orc high priest
 18172 | Orc:2    | Killed an orc high priest
 18177 | Orc:2    | Noticed an orc high priest
 18188 | Orc:2    | Killed an orc high priest
 18200 | Orc:2    | Noticed an orc high priest
 18203 | Orc:2    | HP: 4/116 [orc high priest/divine providence (14)]
 18211 | Orc:2    | Paralysed by an orc sorcerer for 3 turns
 18772 | Orc:2    | Reached skill level 16 in Armour
 18890 | Orc:2    | Killed an orc high priest
 19070 | Orc:2    | Found Xorchi's Distillery.
 19070 | Orc:2    | Found Naofuj's Antique Armour Shoppe.
 19072 | Orc:2    | Found Buodiups's Book Shoppe.
 19072 | Orc:2    | Found Qanex's General Store.
 19082 | Orc:2    | Bought a scroll of identify for 36 gold pieces
 19084 | Orc:2    | Bought a potion of curing for 33 gold pieces
 19084 | Orc:2    | Bought a potion of invisibility for 88 gold pieces
 19084 | Orc:2    | Bought a potion of lignification for 33 gold pieces
 19084 | Orc:2    | Bought a potion of curing for 33 gold pieces
 19084 | Orc:2    | Bought a potion of might for 44 gold pieces
 19084 | Orc:2    | Bought a potion of heal wounds for 55 gold pieces
 19084 | Orc:2    | Bought a potion of curing for 33 gold pieces
 19254 | Lair:1   | Entered Level 1 of the Lair of Beasts
 19271 | Lair:1   | Reached XP level 13. HP: 105/124 MP: 16/16
 20065 | Lair:1   | Reached ****** piety under Okawaru
 20676 | Lair:2   | Received a gift from Okawaru
 20806 | Lair:2   | Reached skill level 5 in Dodging
 21088 | Lair:2   | Found a staircase to the Shoals.
 21098 | Lair:2   | Found a hole to the Spider Nest.
 21206 | Lair:3   | Found a gate leading to a gauntlet.
 21234 | Lair:3   | Reached skill level 15 in Fighting
 21248 | Gauntlet | Entered a Gauntlet
 21248 | Gauntlet | Found a transporter.
 21248 | Gauntlet | Found a transporter.
 21248 | Gauntlet | Found a runed translucent door.
 21249 | Gauntlet | Found a runed translucent door.
 21252 | Gauntlet | Found a transporter.
 21252 | Gauntlet | Found a transporter.
 21255 | Gauntlet | Found a transporter.
 21299 | Gauntlet | Found a transporter.
 21299 | Gauntlet | Found a transporter.
 21302 | Gauntlet | Found a transporter.
 21321 | Gauntlet | Found a transporter.
 21334 | Gauntlet | Found a transporter.
 21345 | Gauntlet | Found a transporter.
 21350 | Gauntlet | Found a transporter.
 21397 | Gauntlet | Found a transporter.
 21417 | Gauntlet | Found a transporter.
 21837 | Gauntlet | Noticed a minotaur
 21848 | Gauntlet | Killed a minotaur
 21998 | Lair:3   | Reached skill level 17 in Armour
 22368 | Lair:3   | Found a runed translucent gate.
 22369 | Lair:3   | Found a runed translucent gate.
 22369 | Lair:3   | Noticed Befuwnopp's ghost (journeyman TrHu)
 22370 | Lair:3   | Found a runed translucent gate.
 22418 | Lair:3   | Identified the +5 long sword of Dobbag {pain, rN+++ Will+++
                  | Int-2 Dex-5} (Okawaru gifted it to you on level 3 of the
                  | Lair of Beasts)
 22418 | Lair:3   | Received a gift from Okawaru
 22666 | Lair:3   | Found a viscous altar of Jiyva.
 23035 | Lair:4   | Reached XP level 14. HP: 135/137 MP: 18/18
 24149 | Lair:5   | Noticed Snorg
 24162 | Lair:5   | Killed Snorg
 24874 | Lair:5   | Received a gift from Okawaru
 25015 | Lair:5   | Found an ornate altar of the Wu Jian Council.
 25036 | Lair:5   | Received a gift from Okawaru
 25460 | Lair:6   | Entered Level 6 of the Lair of Beasts
 25656 | Lair:6   | Reached skill level 18 in Armour
 25866 | Lair:6   | Noticed Nessos
 25899 | Lair:6   | Killed Nessos
 26537 | Lair:6   | Identified the +2 pair of gloves "Uluexty" {Drain +Inv rC-
                  | rCorr} (Okawaru gifted it to you on level 6 of the Lair of
                  | Beasts)
 26537 | Lair:6   | Received a gift from Okawaru
 27990 | Spider:1 | Entered Level 1 of the Spider Nest
 28001 | Lair:2   | Reached skill level 19 in Armour
 28495 | Spider:1 | Reached XP level 15. HP: 118/150 MP: 20/20
 28692 | Spider:1 | You fall into a shaft and drop 1 floor!
 28756 | Spider:2 | Received a gift from Okawaru
 29252 | Spider:2 | HP: 7/150 [broodmother (12)]
 29254 | Arena    | Entered the Arena
 29315 | Spider:2 | HP: 7/226 [pharaoh ant (17)]
 29316 | Spider:2 | Demolished by a pharaoh ant

Illustrated notes

Levels and vault maps discovered:
D:1:      dpeg_arrival_arbitrary_c, layout_basic, serial_bayou_lagoon_b
D:2:      layout_loops_ring, basic_altar,
          hellmonk_ecumenical_altar_pennies_from_heaven, serial_shops, shop,
          minmay_tromino_i2, uniq_terence
D:3:      layout_loops_corners, biasface_ghost_orc_armoury,
          minmay_snake_closets, uniq_grinder
D:4:      layout_rooms, nicolae_uskayaw_murder_on_the_dancefloor,
          mainiacjoe_overflow_divided_tiny, minmay_increasing_density,
          uniq_natasha, uniq_eustachio
D:5:      layout_rooms, chequers_serial_rivers_micro_a, serial_park_tiny_2,
          roderic_serpentine_path, dk_noncrumbling_4
D:6:      layout_basic, minmay_temple_entry_arrows, serial_shops, shop,
          portal_sewer_entry_b, minmay_misc_feat_diagonals,
          minmay_misc_feat_cross
D:7:      layout_basic, nicolae_stop_n_shop_1
D:8:      layout_basic, uniq_gastronok, uniq_erica, uniq_harold
D:9:      layout_irregular_city, grunt_dithmenos_smoke_and_mirrors,
          nicolae_elevator_lobby_asterisk, uniq_joseph
D:10:     layout_cave_pools
D:11:     layout_roguey, lair_entry_dummy, hangedman_decor_peaks_small
D:12:     layout_basic, hiddenorc2_lemuel, uniq_sonja, uniq_fannar
Temple:   mainiacjoe_temple_coin_purse
Lair:1:   layout_chaotic_city, st_stairs_12, minivault_27,
          minmay_lair_oklob_items, grunt_megastairs_2
Lair:2:   layout_hall_layers, shoals_dummy_entry, spider_nest_entry_a,
          lemuel_fruit_tree
Lair:3:   layout_hall_layers, gammafunk_ghost_ooze, gauntlet_entry_generic,
          nicolae_lair_grove_arrangements, lemuel_fruit_fields
Lair:4:   layout_hall_layers, small_statue_intersection, minmay_shattered_shrine
Lair:5:   layout_small_grid, minmay_slime_entry_oklob_enclosed, basic_altar,
          uniq_snorg
Lair:6:   guppyfry_lair_end_dragon, layout_loops_ring, hangedman_lair_in_review,
          worms_lemuel, uniq_nessos
Spider:1: layout_spider_delve
Spider:2: nicolae_spider_mines_3, nicolae_spider_not_touching_you
Orc:1:    layout_diamond_mine, basic_altar, serial_shops, nicolae_lakefront_shop
Orc:2:    grunt_orc_tribal_feast, layout_diamond_mine, basic_altar,
          serial_shops, shop, uniq_urug

Skill      XL: |  1  2  3  4  5  6  7  8  9 10 11 12 13 14 |
---------------+-------------------------------------------+-----
Fighting       | 4 5 6 7 8 10 11 13 14 16 18 | 18.9
Armour         | 4 5 6 7 8 10 12 13 15 16 17 19 | 19.5
Shields        | 4 5 6 8 9 10 | 10.1
Long Blades    | 4 |  4.0
Throwing       | 1 3 4 |  4.7
Invocations    | 2 4 5 7 8 |  8.7
Staves         | 2 7 8 |  8.2
Dodging        | 1 4 6 |  6.2

Action                   |  1- 3 |  4- 6 |  7- 9 | 10-12 | 13-15 || total
-------------------------+-------+-------+-------+-------+-------++-------
Melee: Long sword        |    60 |   115 |   358 |   166 |       ||   699
       Headbutt          |     8 |    24 |    45 |   134 |   182 ||   393
       Unarmed           |       |     6 |       |       |       ||     6
       Falchion          |       |       |       |   133 |       ||   133
       Rapier            |       |       |       |   102 |    49 ||   151
       Lajatang          |       |       |       |   260 |   712 ||   972
       Punch             |       |       |       |       |     2 ||     2
Throw: Dart              |       |       |    12 |    15 |       ||    27
       Javelin           |       |       |       |     6 |     8 ||    14
Invok: Heroism           |       |       |       |     6 |    12 ||    18
       Finesse           |       |       |       |       |     5 ||     5
       Duel              |       |       |       |       |     1 ||     1
  Use: Scroll            |       |     5 |    10 |     6 |     9 ||    30
       Potion            |       |     7 |     2 |     3 |    11 ||    23
Armor: Scale mail        |     3 |       |       |       |       ||     3
       Gold dragon scale |    45 |   179 |   375 |   348 |   835 ||  1782
       Skin              |       |     1 |       |       |       ||     1
       Chain mail        |       |       |       |   293 |   117 ||   410
Dodge: Dodged            |    11 |    40 |   106 |   293 |   485 ||   935
Block: Buckler           |    16 |    22 |    98 |   121 |       ||   257
